 Dungeon Sprint DCSS version 0.29-a0-813-g4a14ea37d6 (webtiles) character file.

Game seed: 12424215611238408027

30685 manyhoops the Shatterer (level 13, -2/127 HPs)
             Began as a Human Berserker on July 4, 2022.
             Was the Champion of Trog.
             Succumbed to poison (dark miasma)
             ... in the Dungeon (Sprint II: "The Violet Keep of Menkaure").
             The game lasted 00:18:39 (3167 turns).

manyhoops the Shatterer (Human Berserker)           Turns: 3167, Time: 00:18:40

Health: -2/127     AC: 46    Str: 23    XL:     13   Next: 90%
Magic:  11/11      EV: 10    Int:  6    God:    Trog [******]
Gold:   453        SH:  0    Dex: 17    Spells: 12/12 levels left

rFire   + . .      SeeInvis .   d - +3 great mace "Raisin" {protect, Dex+5}
rCold   + . .      Faith    +   (shield currently unavailable)
rNeg    . . .      Spirit   .   h - +9 crystal plate armour of Bexuot {Regen+}
rPois   +          Reflect  .   a - +2 helmet
rElec   +          Harm     .   y - +1 cloak of Starlight {*Dazzle EV+4 Stlth--}
rCorr   +          Rampage  .   D - +1 pair of gloves
Will    ++...      NoTele   +   o - +2 pair of boots
Stlth   ..........              m - amulet of faith
HPRegen 2.11/turn               v - ring of resist corrosion
MPRegen 0.12/turn               (no ring)

@: lethally poisoned (-2 -> -14), resistant, strong-willed, regenerating,
slowed, very slow
A: deterioration 1, dopey 1, low MP 1
a: Renounce Religion, Berserk, Trog's Hand, Brothers in Arms


You were in the Dungeon.
You worshipped Trog.
Trog was exalted by your worship.
You visited 1 branch You collected 3376 gold pieces.
You spent 2923 gold pieces at shops.

Inventory:

Hand Weapons
 d - the +3 great mace "Raisin" (weapon) {protect, Dex+5}
   (You found it in the Dungeon)

   It grants its wielder temporary protection when it strikes (+7 to AC).
   Dex:       It affects your dexterity (+5).
 l - a +7 great mace of flaming
Armour
 a - a +2 helmet (worn)
 e - the +5 chain mail "Veyteic" {Rampage +Inv}
   (You bought it in a shop in the Dungeon)

   +Inv:      It lets you turn invisible.
   Rampage:   It bestows one free step when moving towards enemies.
 h - the +9 crystal plate armour of Bexuot (worn) {Regen+}
   (You found it in the Dungeon)

   Regen:     It increases your rate of health regeneration.
 i - the +1 chain mail of the Armadillo {rC+ Will+ SInv}
   (You bought it in a shop in the Dungeon)

   rC:        It protects you from cold.
   SInv:      It lets you see invisible.
   Will:      It increases your willpower.
 o - a +2 pair of boots (worn)
 y - the +1 cloak of Starlight (worn) {*Dazzle EV+4 Stlth--}
   (You bought it in a shop in the Dungeon)

   It may blind those who miss an attack against the wearer in melee combat.
   EV:        It affects your evasion (+4).
   Stlth:     It makes you much less stealthy.
 D - a +1 pair of gloves (worn)
 F - a scarf of invisibility
Jewellery
 m - an amulet of faith (around neck)
 v - a ring of resist corrosion (left hand)
 x - a ring of ice
 A - the ring of the Mage {Wiz Archmagi}
   (You found it in the Dungeon)

   [ring of wizardry]

   It improves your spell success rate.
   Archmagi:  It increases the power of your magical spells.
Scrolls
 b - a scroll of brand weapon
 k - 2 scrolls of fear
 q - 2 scrolls of vulnerability
 r - a scroll of amnesia
 C - 2 scrolls of identify
 E - a scroll of summoning
Potions
 f - 14 potions of magic
 g - 2 potions of berserk rage
 j - 3 potions of might
 p - 7 potions of haste
 s - 3 potions of cancellation {unknown}
 t - 2 potions of resistance
 u - 5 potions of mutation {unknown}
 w - 3 potions of flight
 z - a potion of experience {unknown}
Miscellaneous
 B - a phantom mirror


   Skills:
 + Level 19.7 Fighting
 - Level 24.6 Maces & Flails
 + Level 16.2 Armour
 - Level 2.0 Dodging


You had 12 spell levels left.
You didn't know any spells.
Your spell library was empty.

Dungeon Overview and Level Annotations

Branches:
Dungeon (1/1)

Altars:
Cheibriados
Dithmenos
Elyvilon
Fedhas
Gozag
Hepliaklqana
Kikubaaqudgha
Makhleb
Nemelex Xobeh
Okawaru
Qazlal
Ru
Sif Muna
Trog
Uskayaw
Vehumet
Wu Jian
Xom
Yredelemnul
Zin
The Shining One
Jiyva
Lugonu

Shops:
D [[!=:**(![:[(:!(!:?((*(!=!!?[(==:::

Annotations:
D exclusion: oklob plant


Innate Abilities, Weirdness & Mutations

Your body sometimes deteriorates upon taking damage.
You are dopey. (Int -2)
Your magical capacity is low. (-10% MP)


Message History

The obsidian statue attempts to bespell you!
You are mesmerised by the obsidian statue!
Okay, then.
You cannot move away from the obsidian statue!
An obsidian statue is nearby!
You feel better.
The obsidian statue's eyes glow briefly.
Really walk into that cloud of poison gas?
You are engulfed in poison gas.
You are poisoned.
* * * LOW HITPOINT WARNING * * *
You feel very sick.
The obsidian statue slips into the dungeon's darkness for a moment.
The crimson imp blinks!
There is an open door here.
You feel better.
You are engulfed in dark miasma.
You are poisoned.
* * * LOW HITPOINT WARNING * * *
You feel very sick.
The white imp hits you but does no damage.
Okay, then.
Unknown command.
Your skin crawls.
You feel strong-willed.
You are engulfed in dark miasma.
You are lethally poisoned!
* * * LOW HITPOINT WARNING * * *
x2 You feel extremely sick.
The white imp grins evilly.
The obsidian statue's eyes glow briefly.
You feel much better.
You are engulfed in dark miasma.
You are lethally poisoned!
* * * LOW HITPOINT WARNING * * *
x2 You feel extremely sick.
The white imp disappears in a puff of smoke!
The crimson imp hits you but does no damage.
The crimson imp closely misses you.
You feel protected.
You break out of your daze.
You die...

##$EE######≈≈####.).####≈≈.§.
#($G#$!+,##≈≈≈#..#..#≈≈≈≈≈§≈
#∩PG+.D#+*#'#≈##...##≈≈≈§≈≈≈
#?$.#!##≈##.#≈≈##'##≈≈≈§§≈§≈
#$[$###≈§°####≈≈≈≈≈≈○≈≈§§≈≈≈
**+*##≈≈°≈°*,#'''#°°°#≈≈§≈§≈
*,,,##≈≈☼°°*##....○..##§≈§##
**+*##≈☼°°§##°°°°○○.°.##≈≈#,
*,,,*+○○8°5@°○.○○○○°.°°'≈≈#+
**+**#≈○°55##°°.°○°°..##§≈§§
*,,,*#○°○°○###...°○..#######
**+**#≈≈○≈°#∩####°####°°○○..
*,,,*##≈°°##....#####.○°...○
*,∩,+*##≈##∩.......'...°○..°
*,,,*,,###########.##..°..°.
******,,).....ooo#..##......
###################...#######


You could see a fire dragon, an obsidian statue, 2 crimson imps and a white imp
(summoned).

Vanquished Creatures
  A golden dragon (D)
  A bone dragon (D)
  Gastronok (D)
  2 sphinxes (D)
  Kirke (D)
  A kraken (D)
  Roxanne (D)
  2 storm dragons (D)
  A frost giant (D)
  A dire elephant (D)
  A yaktaur captain (D)
  A great orb of eyes (D)
  A centaur warrior (D)
  A death yak (D)
  3 sixfirhies (D)
  A skeletal warrior (D)
  2 deep trolls (D)
  An elephant (D)
  A merfolk siren (D)
  An ice statue (D)
  A yaktaur (D)
  A kobold demonologist (D)
  5 polar bears (D)
  3 slime creatures (D)
  A hornet (D)
  A blink frog (D)
  12 flying skulls (D)
  2 wyverns (D)
  3 yaks (D)
  3 neqoxecs (D)
  Menkaure (D)
  3 water moccasins (D)
  A necrophage (D)
  4 scorpions (D)
  An iron imp (D)
  A jelly (D)
  2 tentacles (D)
70 creatures vanquished.

Vanquished Creatures (collateral kills)
  A golden dragon (D)
  A cacodemon (D)
  Nessos (D)
  A deep elf high priest (D)
  3 orc sorcerers (D)
  2 tentacles (D)
9 creatures vanquished.

Vanquished Creatures (others)
  A neqoxec (D)
  A water moccasin (D)
  13 tentacles (D)
15 creatures vanquished.

Grand Total: 94 creatures vanquished

Notes
Turn   | Place    | Note
-------+----------+-------------------------------------------
     0 | D        | manyhoops the Human Berserker began the quest for the Orb.
     0 | D        | Reached XP level 1. HP: 18/18 MP: 1/1
     1 | D        | Noticed a scorpion
     1 | D        | Noticed a scorpion
     4 | D        | Noticed a neqoxec
     4 | D        | Noticed a neqoxec
     6 | D        | Gained mutation: Your magical capacity is low. (-10% MP) [a
                  | neqoxec]
     8 | D        | Gained mutation: You are dopey. (Int -2) [a neqoxec]
    14 | D        | Killed a neqoxec
    15 | D        | Reached skill level 10 in Maces & Flails
    15 | D        | Reached XP level 2. HP: 24/24 MP: 1/1
    15 | D        | Reached XP level 3. HP: 29/29 MP: 2/2
    15 | D        | Reached XP level 4. HP: 35/35 MP: 3/3
    15 | D        | Reached XP level 5. HP: 41/41 MP: 4/4
    18 | D        | Killed a neqoxec
    19 | D        | Reached skill level 12 in Maces & Flails
    19 | D        | Reached XP level 6. HP: 47/47 MP: 5/5
    34 | D        | Noticed a neqoxec
    36 | D        | Gained mutation: Your body sometimes deteriorates upon
                  | taking damage. [a neqoxec]
    52 | D        | Killed a neqoxec
    52 | D        | Reached ** piety under Trog
    53 | D        | Reached skill level 14 in Maces & Flails
    53 | D        | Reached XP level 7. HP: 12/52 MP: 6/6
   140 | D        | Killed a water moccasin
   305 | D        | Reached skill level 15 in Maces & Flails
   307 | D        | Reached *** piety under Trog
   357 | D        | Noticed a wyvern
   357 | D        | Noticed a wyvern
   366 | D        | Killed a wyvern
   367 | D        | Reached XP level 8. HP: 60/64 MP: 7/7
   370 | D        | Killed a wyvern
   557 | D        | Noticed a merfolk siren
   568 | D        | Killed a merfolk siren
   569 | D        | Reached skill level 10 in Fighting
   710 | D        | Found Bexaduur's Antique Armour Shop.
   711 | D        | Found Acilaz's Magic Scroll Boutique.
   711 | D        | Found Oliysuly's Jewellery Shop.
   711 | D        | Found Niowuce's Distillery.
   711 | D        | Found Qicust's Weapon Boutique.
   711 | D        | Found Dyvor's Distillery.
   711 | D        | Found Copre's Antique Weapon Shop.
   712 | D        | Found Noprang's Distillery.
   712 | D        | Found Luezxobuf's Book Shop.
   712 | D        | Found Voadiwugg's Antique Weapon Boutique.
   712 | D        | Noticed a shining eye
   714 | D        | Found Otucw's Antique Armour Shop.
   714 | D        | Found Rustron's Distillery.
   714 | D        | Noticed Menkaure
   714 | D        | Noticed a shining eye
   714 | D        | Noticed a shining eye
   714 | D        | Noticed an oklob plant
   715 | D        | Found Amiogif's Jewellery Shop.
   715 | D        | Found Xisolox's Distillery.
   715 | D        | Found Cosch's Book Shoppe.
   726 | D        | Killed Menkaure
   726 | D        | Reached **** piety under Trog
   733 | D        | Bought a dazzling chain mail for 171 gold pieces
   733 | D        | Identified the +5 chain mail "Veyteic" {Rampage +Inv} (You
                  | bought it in a shop in the Dungeon)
   733 | D        | Bought a glimmering chain mail for 171 gold pieces
   733 | D        | Identified the +1 chain mail of the Armadillo {rC+ Will+
                  | SInv} (You bought it in a shop in the Dungeon)
   744 | D        | Bought a potion of might for 40 gold pieces
   744 | D        | Noticed an iron elemental
   751 | D        | Noticed a fire dragon
   758 | D        | Bought a runed mace for 144 gold pieces
   765 | D        | Bought a potion of heal wounds for 60 gold pieces
   765 | D        | Bought a potion of curing for 36 gold pieces
   765 | D        | Bought a potion of might for 48 gold pieces
   766 | D        | Bought a glowing cloak for 232 gold pieces
   776 | D        | Bought a potion of heal wounds for 50 gold pieces
   780 | D        | Noticed a flying skull
   780 | D        | Noticed a flying skull
   781 | D        | Noticed a flying skull
   789 | D        | Killed a flying skull
   790 | D        | Reached XP level 9. HP: 79/79 MP: 8/8
   864 | D        | Reached ***** piety under Trog
   871 | D        | Noticed a blink frog
   875 | D        | Killed a blink frog
   876 | D        | Reached skill level 10 in Armour
   884 | D        | Reached XP level 10. HP: 51/86 MP: 9/9
  1144 | D        | Found a glowing golden altar of the Shining One.
  1144 | D        | Found an ornate altar of the Wu Jian Council.
  1144 | D        | Found a stormy altar of Qazlal.
  1145 | D        | Found a shimmering altar of Xom.
  1145 | D        | Found a sacrificial altar of Ru.
  1146 | D        | Found a basalt altar of Yredelemnul.
  1146 | D        | Found a shimmering blue altar of Sif Muna.
  1147 | D        | Found a viscous altar of Jiyva.
  1157 | D        | Found a glowing silver altar of Zin.
  1157 | D        | Found a bloodstained altar of Trog.
  1157 | D        | Found an ancient bone altar of Kikubaaqudgha.
  1157 | D        | Found a hazy altar of Hepliaklqana.
  1157 | D        | Found a snail-covered altar of Cheibriados.
  1158 | D        | Found a hide-covered altar of Uskayaw.
  1158 | D        | Found a corrupted altar of Lugonu.
  1158 | D        | Found a shadowy altar of Dithmenos.
  1165 | D        | Noticed a yaktaur
  1189 | D        | Reached ****** piety under Trog
  1196 | D        | Killed a yaktaur
  1196 | D        | Received a gift from Trog
  1232 | D        | Paralysed by a hornet for 3 turns
  1243 | D        | Reached skill level 16 in Maces & Flails
  1245 | D        | Found a radiant altar of Vehumet.
  1245 | D        | Found a burning altar of Makhleb.
  1245 | D        | Found a white marble altar of Elyvilon.
  1246 | D        | Found a sparkling altar of Nemelex Xobeh.
  1246 | D        | Found a blossoming altar of Fedhas.
  1248 | D        | Found an iron altar of Okawaru.
  1248 | D        | Found an opulent altar of Gozag.
  1492 | D        | Noticed a kraken
  1746 | D        | Killed a kraken
  1747 | D        | Reached skill level 17 in Maces & Flails
  1747 | D        | Reached XP level 11. HP: 58/95 MP: 9/9
  1965 | D        | Noticed a deep troll
  1965 | D        | Noticed a deep troll
  1971 | D        | Killed a deep troll
  1973 | D        | Killed a deep troll
  1974 | D        | Reached skill level 18 in Maces & Flails
  2022 | D        | Noticed a sphinx
  2022 | D        | Noticed a sphinx
  2027 | D        | Killed a sphinx
  2030 | D        | Killed a sphinx
  2030 | D        | Received a gift from Trog
  2031 | D        | Reached skill level 19 in Maces & Flails
  2085 | D        | Noticed a sixfirhy
  2088 | D        | Noticed a sixfirhy
  2097 | D        | Noticed a sixfirhy
  2104 | D        | Found Kiecasop's Book Shoppe.
  2105 | D        | Found Pobli's Jewellery Boutique.
  2199 | D        | Killed a sixfirhy
  2200 | D        | Reached skill level 20 in Maces & Flails
  2213 | D        | Killed a sixfirhy
  2213 | D        | Received a gift from Trog
  2215 | D        | Killed a sixfirhy
  2216 | D        | Reached XP level 12. HP: 89/106 MP: 10/10
  2240 | D        | Noticed Gastronok
  2249 | D        | Killed Gastronok
  2250 | D        | Reached skill level 21 in Maces & Flails
  2258 | D        | Noticed a dire elephant
  2261 | D        | Noticed a soul eater
  2263 | D        | HP: 3/106 [dire elephant (27)]
  2280 | D        | Killed a dire elephant
  2281 | D        | Noticed a soul eater
  2288 | D        | Reached skill level 22 in Maces & Flails
  2304 | D        | Found the ring of the Mage {Wiz Archmagi}
  2307 | D        | Identified the +3 great mace "Raisin" {protect, Dex+5}
  2310 | D        | Identified the +1 robe of the Bells {Harm}
  2324 | D        | Identified the +9 crystal plate armour of Bexuot {Regen+}
  2362 | D        | Identified the +4 battleaxe of Ditog {vamp, Str+4 Dex+3
                  | SInv}
  2496 | D        | Found Fukhlonai's Distillery.
  2502 | D        | Found Remmatac's Assorted Antiques.
  2504 | D        | Noticed Nessos
  2518 | D        | Killed Nessos
  2518 | D        | Received a gift from Trog
  2528 | D        | Bought 2 fizzy red potions for 55 gold pieces
  2528 | D        | Bought a scroll labelled XITORR VUNA for 31 gold pieces
  2528 | D        | Bought a scroll of identify for 62 gold pieces
  2528 | D        | Bought a scroll labelled RUENYX WOEDD for 31 gold pieces
  2528 | D        | Bought a potion of might for 124 gold pieces
  2581 | D        | Bought a potion of heal wounds for 65 gold pieces
  2673 | D        | Noticed Roxanne
  2676 | D        | Noticed Kirke
  2676 | D        | Noticed a skeletal warrior
  2676 | D        | Noticed a yaktaur captain
  2698 | D        | Killed a skeletal warrior
  2699 | D        | Noticed a storm dragon
  2705 | D        | Noticed a sixfirhy
  2708 | D        | Killed a yaktaur captain
  2719 | D        | Killed a storm dragon
  2720 | D        | Reached skill level 15 in Fighting
  2720 | D        | Reached skill level 23 in Maces & Flails
  2732 | D        | Killed Kirke
  2750 | D        | Noticed a frost giant
  2761 | D        | Noticed a deep elf high priest
  2768 | D        | HP: 1/110 [frost giant/bolt of cold (39)]
  2772 | D        | Killed a frost giant
  2782 | D        | Killed a deep elf high priest
  2783 | D        | Reached XP level 13. HP: 52/116 MP: 11/11
  2790 | D        | Noticed a golden dragon
  2797 | D        | Killed a golden dragon
  2798 | D        | Reached skill level 24 in Maces & Flails
  2804 | D        | Noticed a cacodemon
  2809 | D        | Killed a cacodemon
  2809 | D        | Received a gift from Trog
  2817 | D        | Bought a pair of gloves for 81 gold pieces
  2817 | D        | Bought an embroidered scarf for 144 gold pieces
  2826 | D        | Bought 2 potions of haste for 200 gold pieces
  2828 | D        | Bought a scroll of enchant armour for 90 gold pieces
  2828 | D        | Bought a scroll of enchant armour for 90 gold pieces
  2828 | D        | Bought a scroll of fear for 42 gold pieces
  2828 | D        | Bought a scroll of identify for 24 gold pieces
  2828 | D        | Bought a scroll of identify for 24 gold pieces
  2828 | D        | Bought a scroll of identify for 24 gold pieces
  2828 | D        | Identified a scroll of acquirement
  2829 | D        | Acquired 522 gold pieces
  2861 | D        | Reached skill level 15 in Armour
  2881 | D        | Noticed a bone dragon
  2886 | D        | Killed Roxanne
  2886 | D        | Received a gift from Trog
  2910 | D        | Killed a bone dragon
  2969 | D        | Noticed a great orb of eyes
  2974 | D        | Killed a great orb of eyes
  2974 | D        | Received a gift from Trog
  3003 | D        | Found Geshagui's Armour Emporium.
  3003 | D        | Found Putsa's Assorted Antiques.
  3003 | D        | Found Vyhac's Armour Shop.
  3003 | D        | Found Jeabuna's Weapon Shoppe.
  3003 | D        | Found Atam's Armour Boutique.
  3004 | D        | Found Wesch's Book Shoppe.
  3004 | D        | Found Nuatetz's Distillery.
  3004 | D        | Found Neiwn's Book Emporium.
  3004 | D        | Found Mytixuq's General Store.
  3004 | D        | Found Tify's Weapon Emporium.
  3004 | D        | Found Ujesim's Magic Scroll Shop.
  3004 | D        | Found Ymyca's Antique Weapon Shoppe.
  3006 | D        | Bought the +1 cloak of Starlight {*Dazzle EV+4 Stlth--} for
                  | 335 gold pieces
  3006 | D        | Found the +1 cloak of Starlight {*Dazzle EV+4 Stlth--}
  3022 | D        | Bought a +2 helmet for 198 gold pieces
  3034 | D        | Bought a potion of haste for 120 gold pieces
  3038 | D        | Bought a potion of heal wounds for 70 gold pieces
  3041 | D        | Bought a scroll of identify for 28 gold pieces
  3041 | D        | Bought a scroll of identify for 28 gold pieces
  3041 | D        | Bought a scroll of enchant armour for 105 gold pieces
  3061 | D        | Identified the +11 battleaxe of Fiomoxuz {vorpal, rF+}
                  | (Trog gifted it to you in the Dungeon)
  3061 | D        | Received a gift from Trog
  3065 | D        | Noticed a centaur warrior
  3080 | D        | Killed a centaur warrior
  3087 | D        | Found Radghobis's Book Boutique.
  3087 | D        | Found Cirakluz's Book Shop.
  3087 | D        | Found Guaguaco's Jewellery Emporium.
  3087 | D        | Found Zoreuxt's Weapon Boutique.
  3087 | D        | Noticed a golden dragon
  3099 | D        | Killed a golden dragon
  3112 | D        | Noticed a storm dragon
  3125 | D        | Killed a storm dragon
  3165 | D        | HP: 3/127 [poison (dark miasma)]
  3167 | D        | Succumbed to poison (dark miasma)

Illustrated notes

Levels and vault maps discovered:
D:        the_violet_keep_of_menkaure [sprint2_stairs_cluster_1,
          sprint2_shoproom, sprint2_temple, sprint2_basic_supplies,
          sprint2_obstacle_1, sprint2_obstacle_2, sprint2_obstacle_6,
          sprint2_obstacle_3, sprint2_obstacle_7, sprint2_timed_cluster_1,
          sprint2_smallroom_cluster_1, sprint2_smallroom_final_cluster_1,
          sprint2_transparent_cluster_1, sprint2_second_timed_cluster_1,
          sprint2_sniper_area_1, sprint2_heavy_combat_area_1,
          sprint2_mutation_trap_area_1, sprint2_forest_area_1,
          sprint2_light_combat_area_1, sprint2_behind_water_1,
          sprint2_near_end_vault_1]

Skill      XL: |  1  2  3  4  5  6  7  8  9 10 11 12 13 |
---------------+----------------------------------------+-----
Maces & Flails | 10 12 14 15 17 20 23 24 | 24.6
Fighting       | 6 10 11 13 15 19 | 19.7
Armour         | 4 12 14 16 | 16.2
Dodging        | |  2.0

Action                   |  1- 3 |  4- 6 |  7- 9 | 10-12 | 13-15 || total
-------------------------+-------+-------+-------+-------+-------++-------
Melee: Mace              |     6 |    21 |    84 |    52 |       ||   163
       Punch             |     1 |       |     1 |       |       ||     2
       Great mace        |       |       |       |   135 |   116 ||   251
Invok: Berserk           |     1 |       |     6 |     9 |     1 ||    17
       Trog's Hand       |       |       |     1 |     8 |     2 ||    11
       Brothers in Arms  |       |       |       |     6 |       ||     6
  Use: Potion            |     1 |       |       |     8 |     5 ||    14
       Scroll            |       |       |       |     5 |     8 ||    13
 Stab: Distracted        |       |       |       |       |     1 ||     1
       Invisible         |       |       |       |       |     1 ||     1
Armor: Chain mail        |       |       |    21 |   102 |       ||   123
       Crystal plate arm |       |       |       |    36 |   105 ||   141
Dodge: Dodged            |     1 |     6 |    23 |    63 |    29 ||   122

Table legend: (Time is in decaauts)
 A = Elapsed time spent in this place.
 B = Non-inter-level travel time spent in this place.
 C = Inter-level travel time spent in this place.
 D = Time resting spent in this place.
 E = Time spent auto-exploring this place.
 F = Levels seen in this place.
 G = Mean time per level.
                   A        B        C        D        E       F      G
               +--------+--------+--------+--------+--------+-----+--------+
         Total |   3276 |   3276 |      0 |   1753 |      0 |   1 | 3276.0 |
       Dungeon |   3276 |   3276 |      0 |   1753 |      0 |   1 | 3276.0 |
               +--------+--------+--------+--------+--------+-----+--------+

Top non-repeatable levels by time:
       D: 3276 daAuts
